 Dungeon Crawl Stone Soup version 0.28.0-53-g5a82cb258f (webtiles) character file.

Game seed: 8123776248643956843

126 Kranky the Prestidigitator (level 5, 0/55 HPs)
             Began as a Gnoll Wanderer on June 24, 2022.
             Slain by Edmund
             ... wielding a +2 vorpal flail
              (1 damage)
             ... on level 4 of the Dungeon.
             The game lasted 00:04:08 (3350 turns).

Kranky the Prestidigitator (Gnoll Wanderer)         Turns: 3350, Time: 00:04:09

Health: 0/55       AC: 22    Str: 14    XL:     5   Next: 9%
Magic:  7/7        EV:  2    Int: 12    God:
Gold:   163        SH:  0    Dex: 10    Spells: 6/6 levels left

rFire   . . .      SeeInvis .   o - +4 spear
rCold   . . .      Faith    .   (no shield)
rNeg    . . .      Spirit   .   (armour currently unavailable)
rPois   +          Reflect  .   (helmet currently unavailable)
rElec   .          Harm     .   (cloak currently unavailable)
rCorr   .          Rampage  .   (gloves currently unavailable)
Will    .....      NoTele   +   (boots currently unavailable)
Stlth   ++........              (no amulet)
HPRegen 0.18/turn               (no ring)
MPRegen 0.10/turn               (no ring)

@: tree-form
A: stationary, stasis, torment immunity, boosted hp, (fangs 1), strong nose,
distributed training
a: no special abilities


You were on level 4 of the Dungeon.
You were a tree.
You visited 1 branch of the dungeon, and saw 4 of its levels.

You collected 163 gold pieces.

Inventory:

Hand Weapons
 a - a +0 club
 g - a +0 short sword of draining
 o - a +4 spear (weapon)
Missiles
 k - 3 poisoned darts
Armour
 i - a +0 scale mail (melded)
Scrolls
 c - 2 scrolls of teleportation
 d - 2 scrolls of identify {unknown}
 l - a scroll of fog {unknown}
 m - a scroll of amnesia {unknown}
 n - a scroll of holy word {unknown}
Potions
 f - 2 potions of heal wounds {unknown}
 h - 2 potions of magic {unknown}
 j - a potion of cancellation {unknown}
 p - a potion of flight {unknown}
 q - a potion of brilliance {unknown}
Miscellaneous
 e - a box of beasts (quivered)


   Skills:
 + Level 1.3 Fighting
 + Level 1.3 Short Blades
 + Level 1.3 Long Blades
 + Level 1.3 Axes
 + Level 1.3 Maces & Flails
 + Level 1.3 Polearms
 + Level 1.3 Staves
 + Level 1.3 Slings
 + Level 1.3 Bows
 + Level 1.3 Crossbows
 + Level 1.3 Throwing
 + Level 2.9 Armour
 + Level 2.9 Dodging
 + Level 4.3 Stealth
 + Level 1.3 Shields
 + Level 4.7 Unarmed Combat
 + Level 1.3 Spellcasting
 + Level 1.1 Conjurations
 + Level 1.1 Hexes
 + Level 1.1 Summonings
 + Level 1.1 Necromancy
 + Level 1.1 Translocations
 + Level 1.1 Transmutations
 + Level 1.1 Fire Magic
 + Level 1.1 Ice Magic
 + Level 1.1 Air Magic
 + Level 1.1 Earth Magic
 + Level 1.1 Poison Magic
 + Level 1.5 Invocations
 + Level 8.6 Evocations


You had 6 spell levels left.
You didn't know any spells.
Your spell library was empty.

Dungeon Overview and Level Annotations

Branches:
Dungeon (4/15)
 Temple: D:4-7

Altars:

Annotations:
D:4 Edmund


Innate Abilities, Weirdness & Mutations

You are a tree.
Your roots penetrate the ground, keeping you stationary.
You cannot be teleported.
You are immune to unholy pain and torment.
Your maximum health is greatly increased.
Your equipment is partially melded.
((You have very sharp teeth.))
Your uncanny sense of smell can sniff out nearby items.
Your experience applies equally to all skills.


Message History

Edmund is nearby!
Edmund is nearby!
Edmund is nearby!
Edmund is nearby!
Edmund shouts!
You reach to attack!
You hit Edmund.
Edmund is lightly wounded.
You puncture Edmund! Your bite misses Edmund.
Edmund is moderately wounded.
Edmund hits you with a +2 vorpal flail.
You puncture Edmund! You bite Edmund, but do no damage.
Edmund is moderately wounded.
Edmund hits you with a +2 vorpal flail.
You hit Edmund.
Edmund is heavily wounded.
Edmund closely misses you.
You hit Edmund.
Edmund is heavily wounded.
Edmund hits you with a +2 vorpal flail.
You hit Edmund.
Edmund is severely wounded.
Edmund grinds his teeth, and then sighs.
Edmund hits you with a +2 vorpal flail.
You are too injured to fight recklessly!
You hit Edmund.
Edmund is severely wounded.
Edmund hits you with a +2 vorpal flail.
* * * LOW HITPOINT WARNING * * *
x2 You barely miss Edmund.
Edmund is severely wounded.
Edmund hits you with a +2 vorpal flail!
* * * LOW HITPOINT WARNING * * *
x2 Really quaff the potion of lignification?
Okay, then.
Really quaff the potion of lignification?
You turn into a tree.
Your +0 scale mail melds into your body.
Your roots penetrate the ground.
Edmund hits you with a +2 vorpal flail.
* * * LOW HITPOINT WARNING * * *
You die...

...... .. .....
... ....#####...
...........
..........
..........
#@.......
#♣....##+########+
#.....#...........
#.....#...........
#.....#...........
#.....'...........
#.....#...........
#.....#...........
#######...........
#....##......


You could see Edmund.

Vanquished Creatures
  A gnoll shaman (D:3)
  3 gnolls (D:3)
  An adder (D:2)
  2 dart slugs (D:3)
  2 bats
  5 endoplasms
  4 giant cockroaches
  5 goblins
  5 hobgoblins
  9 jackals
  A quokka (D:3)
  A ball python (D:1)
  A frilled lizard (D:1)
  6 kobolds
  4 rats
50 creatures vanquished.

Notes
Turn   | Place    | Note
-------+----------+-------------------------------------------
     0 | D:1      | Kranky the Gnoll Wanderer began the quest for the Orb.
     0 | D:1      | Kranky set off with the following items: a +0 club, a
                  | potion of lignification, a scroll of teleportation, a +0
                  | robe, a box of beasts
     0 | D:1      | Reached XP level 1. HP: 13/13 MP: 1/1
   465 | D:1      | Found a faded altar of an unknown god.
   480 | D:1      | Reached XP level 2. HP: 10/16 MP: 2/2
  1433 | D:2      | Reached XP level 3. HP: 25/25 MP: 3/3
  1772 | D:2      | Reached skill level 1 in Invocations
  2255 | D:3      | Reached skill level 1 in Fighting
  2255 | D:3      | Reached skill level 1 in Short Blades
  2255 | D:3      | Reached skill level 1 in Long Blades
  2255 | D:3      | Reached skill level 1 in Axes
  2255 | D:3      | Reached skill level 1 in Maces & Flails
  2255 | D:3      | Reached skill level 1 in Polearms
  2255 | D:3      | Reached skill level 1 in Staves
  2255 | D:3      | Reached skill level 1 in Slings
  2255 | D:3      | Reached skill level 1 in Bows
  2255 | D:3      | Reached skill level 1 in Crossbows
  2255 | D:3      | Reached skill level 1 in Throwing
  2255 | D:3      | Reached skill level 1 in Shields
  2255 | D:3      | Reached skill level 1 in Spellcasting
  2532 | D:3      | Reached XP level 4. HP: 29/32 MP: 5/5
  2921 | D:3      | Reached skill level 1 in Conjurations
  2921 | D:3      | Reached skill level 1 in Hexes
  2921 | D:3      | Reached skill level 1 in Summonings
  2921 | D:3      | Reached skill level 1 in Necromancy
  2921 | D:3      | Reached skill level 1 in Translocations
  2921 | D:3      | Reached skill level 1 in Transmutations
  2921 | D:3      | Reached skill level 1 in Fire Magic
  2921 | D:3      | Reached skill level 1 in Ice Magic
  2921 | D:3      | Reached skill level 1 in Air Magic
  2921 | D:3      | Reached skill level 1 in Earth Magic
  2921 | D:3      | Reached skill level 1 in Poison Magic
  3022 | D:3      | Reached XP level 5. HP: 12/37 MP: 5/7
  3333 | D:4      | Noticed Edmund
  3350 | D:4      | HP: 1/55 [Edmund/+2 vorpal flail (3)]
  3350 | D:4      | Slain by Edmund

Illustrated notes

Levels and vault maps discovered:
D:1:      tarquinn_simple_flora_water_c, layout_rooms, basic_ecumenical_altar
D:2:      layout_loops_ring, minmay_misc_feat_rows
D:3:      layout_basic
D:4:      layout_gridville, uniq_menkaure, uniq_robin, uniq_edmund

Skill      XL: |  1  2  3  4 |
---------------+-------------+-----
Invocations    | 1 |  1.5
Fighting       | 1 |  1.3
Short Blades   | 1 |  1.3
Long Blades    | 1 |  1.3
Axes           | 1 |  1.3
Maces & Flails | 1 |  1.3
Polearms       | 1 |  1.3
Staves         | 1 |  1.3
Slings         | 1 |  1.3
Bows           | 1 |  1.3
Crossbows      | 1 |  1.3
Throwing       | 1 |  1.3
Shields        | 1 |  1.3
Spellcasting   | 1 |  1.3
Conjurations   | 1 |  1.1
Hexes          | 1 |  1.1
Summonings     | 1 |  1.1
Necromancy     | 1 |  1.1
Translocations | 1 |  1.1
Transmutations | 1 |  1.1
Fire Magic     | 1 |  1.1
Ice Magic      | 1 |  1.1
Air Magic      | 1 |  1.1
Earth Magic    | 1 |  1.1
Poison Magic   | 1 |  1.1
Armour         | |  2.9
Dodging        | |  2.9
Stealth        | |  4.3
Unarmed Combat | |  4.7
Evocations     | |  8.6

Action                   |  1- 3 |  4- 6 || total
-------------------------+-------+-------++-------
Melee: Club              |    32 |       ||    32
       Bite              |    15 |     1 ||    16
       Short sword       |   108 |    34 ||   142
       Punch             |     4 |     4 ||     8
       Spear             |       |     8 ||     8
  Use: Potion            |       |     1 ||     1
 Stab: Sleeping          |     4 |       ||     4
Armor: Ring mail         |    37 |       ||    37
       Scale mail        |    25 |     6 ||    31
Dodge: Dodged            |    89 |    16 ||   105
